Map: Deathaura LE

Players

Van (Vanya) - Winner!

  • Race: Zerg Zerg
  • League: Master
  • Spawn Location: 5:00

BratOK (Brat_OK)

  • Race: Terran Terran
  • League: Master
  • Spawn Location: 11:00

Event: DreamHack SC2 Masters 2020 Fall

VOD

Have the link to the VOD?

Description

Time

  • Played on: Aug. 28, 2020, 11:46 a.m.
  • Length: 3:53

All games in this series

Show
View Real Time Build Order
Export as new Build Order

Van Zerg - Winner!

Build Orders: Pool First 

Get SALT Encoding   

  12  0:00  Drone  
  13  0:12  Overlord  
  13  0:17  Drone  
  14  0:31  Drone x2  
  16  0:40  Spawning Pool  
  15  0:43  Drone  
  15  0:47  Drone  
  17  1:07  Hatchery  
  17  1:10  Drone  
  17  1:14  Extractor  
  17  1:15  Drone  
  17  1:27  Zergling x2  
  17  1:28  Zergling x2  
  17  1:31  Queen  
  21  1:38  Overlord  
  21  1:49  Drone  
  22  2:02  Drone  
  22  2:07  Queen  
  25  2:13  Zergling x2  
  25  2:14  Spine Crawler  
  25  2:20  Zergling x2  
  25  2:21  Queen  
  28  2:26  Metabolic Boost  
  28  2:34  Zergling x4  
  25  2:50  Zergling x6  
  25  3:03  Zergling x2  
  25  3:04  Zergling x4  
  25  3:13  Zergling x6  
  25  3:18  Zergling x2  
  27  3:26  Zergling x4  
  28  3:35  Zergling x2  
Show
View Real Time Build Order
Export as new Build Order

BratOK Terran 

Build Orders:  

Get SALT Encoding   

  12  0:00  SCV  
  13  0:12  SCV  
  14  0:17  Supply Depot  
  14  0:25  SCV  
  15  0:40  Barracks  
  15  0:51  Barracks  
  15  1:03  Barracks  
  15  1:07  SCV  
  16  1:27  Marine  
  16  1:29  Barracks  
  17  1:37  Supply Depot, Marine  
  18  1:45  Marine  
  19  1:49  Marine  
  20  1:55  Marine  
  20  1:59  Bunker  
  21  2:03  Marine  
  22  2:09  Marine  
  22  2:13  Marine  
  24  2:17  Marine  
  24  2:20  Marine  
  26  2:27  Marine  
  27  2:31  Marine  
  27  2:35  Marine  
  29  2:38  Marine  
  25  2:45  Marine  
  25  2:49  Marine  
  25  2:54  Marine  
  26  3:02  Marine  
  27  3:08  Marine  
  27  3:12  Marine  
  28  3:17  Marine  
  26  3:23  Marine  
  26  3:30  Marine  
  26  3:32  Marine  

Tags
 
Add a new tag
Caveats
  • Supply blocks, unpowered buildings, or Contaminate may cause inaccurate times.
  • Supply counts are checked every 10 seconds.